[Event "Early-Titled-Tuesday-Blitz-June-18-2024"]
[Site "Chess.com"]
[Date "2024.06.18"]
[Round "6"]
[White "Nechitaylo_Nikita"]
[Black "SHIVACalypso"]
[Result "1-0"]
[WhiteElo "2356"]
[BlackElo "2516"]
[TimeControl "180+1"]
[EndTime "9:09:37 PDT"]
[Termination "Nechitaylo_Nikita won by resignation"]

1. d4 Nf6 2. c4 d6 3. Nc3 e5 4. d5 a5 5. e4 Nbd7 6. f3 Nc5 7. Be3 Be7 8. Qd2 O-O 9. Nge2 Ne8 10. g4 c6 11. O-O-O Nc7 12. Bxc5 dxc5 13. d6 Be6 14. dxe7 Qxe7 15. Qd6 Qxd6 16. Rxd6 Bxc4 17. Ng3 Be6 18. Na4 c4 19. Nc5 Rfd8 20. Rxd8+ Rxd8 21. Nxb7 Rb8 22.
Nc5 c3 23. bxc3 Bxa2 24. Bd3 Nb5 25. Bxb5 Rxb5 26. Nd3 a4 27. Kc2 Bb3+ 28. Kd2 f6 29. Ra1 Rb8 30. Ne2 Rd8 31. Nc1 c5 32. Nxb3 axb3 33. Ke2 c4 34. Nb2 Rc8 35. Ra4 h5 36.
Rxc4 Ra8 37. Rb4 hxg4 38. fxg4 Ra1 39. Kf2 Kh7 40. Rxb3 Rc1 41. Nd3 Rc2+ 42. Kg3 Kh6 43. h4 Rd2 44. Nf2 Re2 45. c4 Rc2 46. Rb4 Rc3+ 47.
Kg2 Kg6 48. Nd1 Rd3 49. Nb2 Rc3 50. Na4 Rc2+ 51. Kf3 Rh2 52. h5+ Kg5 53. c5 Rh3+ 54.
Kg2 Kxg4 55. c6 Rxh5 56. c7 Rh8 57. Rc4 Kf4 58. Nb6 Ke3 59. c8=Q Rxc8 60. Nxc8 Kd3 61. Nd6 g6 62. Rc7 Kd4 63. Rf7 1-0

[Event "Early-Titled-Tuesday-Blitz-June-18-2024"]
[Site "Chess.com"]
[Date "2024.06.18"]
[Round "6"]
[White "HelenaWalker2912"]
[Black "Nicolik"]
[Result "0-1"]
[WhiteElo "2410"]
[BlackElo "2636"]
[TimeControl "180+1"]
[EndTime "9:09:38 PDT"]
[Termination "Nicolik won by resignation"]

1. d4 d5 2. c4 e6 3. Nc3 Bb4 4. cxd5 exd5 5. Bf4 c5 6. e3 c4 7. Nf3 Nc6 8. Be2 Nf6 9. O-O Bxc3 10. bxc3 Ne4 11. Qc1 g5 12. Bg3 h5 13. h3 Qa5 14.
Ne5 Nxg3 15. fxg3 Nxe5 16. dxe5 Qc7 17. e4 Qxe5 18. exd5 Qxg3 19. Rf3 Qd6 20. Qxg5 Bd7 21. Re3+ Kf8 22. Rf1 Re8 23. Rxe8+ Bxe8 24. Kh1 b5 25.
Bxh5 Qh6 26. Qxh6+ Rxh6 27. Bf3 Ra6 28. Rf2 Ra3 29. Rc2 Ke7 30. g4 b4 31. Be2 b3 32. axb3 cxb3 33. Rb2 Ba4 34. Bc4 Kd6 35. Bxb3 Bxb3 36. Rf2 Bxd5+ 37. Kh2 Rxc3 38. h4 a5 39. h5 a4 40. h6 Rc8 41. g5 a3 42. Rf6+ Be6 43. g6 fxg6 44. Rxg6 a2 45. Rg1 Kc5 46. Kg3 Kb4 47. Kf4 Bb3 48. Ke5 Bc2 49.
Ra1 Kb3 50. Kf6 Rc6+ 51. Kg7 Rg6+ 52. Kf7 Rxh6 53. Kg7 Rh2 54. Kf7 Bb1 55. Rxa2 Bxa2 0-1

[Event "Early-Titled-Tuesday-Blitz-June-18-2024"]
[Site "Chess.com"]
[Date "2024.06.18"]
[Round "6"]
[White "unbreakablepawn35"]
[Black "FMalexhdez"]
[Result "1-0"]
[WhiteElo "2397"]
[BlackElo "2294"]
[TimeControl "180+1"]
[EndTime "9:09:38 PDT"]
[Termination "unbreakablepawn35 won on time"]

1. c4 e5 2. Nc3 Nf6 3. Nf3 Nc6 4. e3 d5 5. cxd5 Nxd5 6. Bb5 Nxc3 7. bxc3 Bd6 8. d4 exd4 9. cxd4 O-O 10. O-O Ne7 11. Bd3 Bg4 12. h3 Bh5 13. a4 c6 14. Ba3 Bg6 15.
Bc4 Bxa3 16. Rxa3 Nd5 17. Qb3 Nb6 18. Ne5 Nxc4 19. Qxc4 Qe7 20. Rb3 Be4 21. Qb4 Qxb4 22. Rxb4 Rab8 23. f3 Bf5 24. e4 Be6 25. Rfb1 Rbd8 26.
f4 f6 27. Nf3 Bc8 28. Kf2 Rfe8 29. Ke3 Kf7 30. e5 f5 31. Rc1 h6 32. Rc5 Ke6 33.
Ne1 Rd5 34. Nd3 Red8 35. Rxd5 Kxd5 36. a5 Rd7 37. Nc5 Rc7 38. Na4 g5 39. Nc3+ Ke6 40.
g3 Rd7 41. Rc4 Rd8 42. Rc5 Ke7 43. d5 cxd5 44. Nxd5+ Ke6 45. Nc7+ Ke7 46. Nb5 a6 47. Nd6 1-0

[Event "Early-Titled-Tuesday-Blitz-June-18-2024"]
[Site "Chess.com"]
[Date "2024.06.18"]
[Round "6"]
[White "Chessmatenokk17"]
[Black "rasmussvane"]
[Result "0-1"]
[WhiteElo "2793"]
[BlackElo "2975"]
[TimeControl "180+1"]
[EndTime "9:09:39 PDT"]
[Termination "rasmussvane won by checkmate"]

1. e4 c6 2. d4 d5 3. e5 Bf5 4. h4 h5 5. Bd3 Bxd3 6. Qxd3 Qa5+ 7. Nd2 e6 8. Nf3 Nh6 9. O-O Nf5 10. a4 Be7 11. Nb3 Qa6 12. Qd1 Nd7 13. g3 c5 14.
c3 Rc8 15. Kg2 Qb6 16. Bg5 Bxg5 17. hxg5 c4 18. Nc1 Qxb2 19. Ne2 Qb6 20. Rh1 g6 21. Nf4 Kd8 22. g4 Ng7 23. gxh5 gxh5 24. Nd2 Kc7 25. Nxh5 Nxh5 26. Rxh5 Rxh5 27. Qxh5 Qb2 28. Rd1 Qxc3 29. Nf3 Qc2 30. Rh1 Qf5 31. Rh4 c3 32. Ne1 Kb8 33.
g6 Qxh5 34. Rxh5 fxg6 35. Rh7 Nb6 36. a5 Nc4 37. Nc2 Nxa5 38. Re7 Rc6 39. Kf3 Nb3 40. Ke3 a5 41. Kd3 b5 42. f4 b4 43. Rg7 Nc1+ 44. Ke3 b3 45. Na3 c2 46. Kd2 Na2 47. Rg8+ Kb7 48. Rg7+ Ka6 49. Nxc2 bxc2 50. Rxg6 c1=Q+ 51. Ke2 Qc2+ 52. Kf3 Qxg6 53. f5 Qxf5+ 54. Ke3 Rc3+ 55. Kd2 Qc2+ 56. Ke1 Rb3 57. Kf1 Rb1# 0-1

[Event "Early-Titled-Tuesday-Blitz-June-18-2024"]
[Site "Chess.com"]
[Date "2024.06.18"]
[Round "6"]
[White "Rosh1610"]
[Black "Caroexpert"]
[Result "1-0"]
[WhiteElo "2493"]
[BlackElo "2634"]
[TimeControl "180+1"]
[EndTime "9:09:39 PDT"]
[Termination "Rosh1610 won on time"]

1. e4 c6 2. Nc3 d5 3. Nf3 Bg4 4. h3 Bxf3 5. Qxf3 Nf6 6. Be2 g6 7. O-O Bg7 8. d3 O-O 9. Bf4 d4 10. Nb1 Nbd7 11. Nd2 e5 12. Bh2 Ne8 13. Qg3 Bh6 14.
Nc4 Bf4 15. Qg4 h5 16. Qf3 Bxh2+ 17. Kxh2 f5 18. exf5 Rxf5 19. Qg3 Qf6 20. f3 h4 21. Qf2 Ng7 22. Nd2 Ne6 23. Ne4 Qe7 24. c3 Nf4 25.
Rae1 c5 26. Rd1 Kg7 27. c4 Rh8 28. Rfe1 Nf6 29. Nxf6 Qxf6 30. Bf1 Rhh5 31. Re4 Rhg5 32. Rd2 Rg3 33. Qe1 Rfg5 34. Rf2 Qf5 35. b4 b6 36. bxc5 bxc5 37. Qa5 Nxh3 38. gxh3 Rxf3 39. Qc7+ Kh6 40. Rxh4+ Rh5 41. Rxh5+ gxh5 42. Qd6+ Kg5 43. Rg2+ Kf4 44. Qh6+ 1-0

[Event "Early-Titled-Tuesday-Blitz-June-18-2024"]
[Site "Chess.com"]
[Date "2024.06.18"]
[Round "6"]
[White "KevinGeorgeMicheal"]
[Black "reniite"]
[Result "0-1"]
[WhiteElo "2467"]
[BlackElo "2306"]
[TimeControl "180+1"]
[EndTime "9:09:39 PDT"]
[Termination "reniite won on time"]

1. Nf3 d5 2. d4 Nf6 3. e3 c5 4. b3 Nc6 5. Bb2 e6 6. Be2 Be7 7. O-O O-O 8. Nbd2 b6 9. a3 Bb7 10.
h3 Rc8 11. Rc1 a6 12. c4 cxd4 13. exd4 dxc4 14. bxc4 Na5 15. Re1 Ne4 16. Nxe4 Bxe4 17. Bd3 Bxd3 18. Qxd3 Bf6 19. Red1 Qd6 20. Nh2 Rfd8 21.
Ng4 Bg5 22. Rc2 h5 23. Ne5 Bf6 24. Nf3 e5 25. d5 Nb7 26. Nd2 Nc5 27. Qe2 Na4 28. Ne4 Qe7 29. Nxf6+ Qxf6 30. Bxe5 Qg6 31. Qd3 Qg5 32. f4 Qe7 33. Re2 Nc5 34. Qc3 Qf8 35. Bd4 b5 36. cxb5 axb5 37. Qf3 Na4 38. Qxh5 Qxa3 39.
Qg5 Qf8 40. Bf6 Re8 41. Be7 f6 42. Qg4 Qf7 0-1

[Event "Early-Titled-Tuesday-Blitz-June-18-2024"]
[Site "Chess.com"]
[Date "2024.06.18"]
[Round "6"]
[White "averageFM"]
[Black "IMRosen"]
[Result "0-1"]
[WhiteElo "2575"]
[BlackElo "2764"]
[TimeControl "180+1"]
[EndTime "9:09:40 PDT"]
[Termination "IMRosen won by checkmate"]

1. e4 c5 2. Nf3 Nc6 3. Bc4 g6 4. O-O Bg7 5. c3 d6 6. d4 cxd4 7. cxd4 Nf6 8. d5 Nb8 9. Qc2 O-O 10. Nc3 a6 11. a4 Nbd7 12. Re1 Ng4 13. Bf1 e5 14. h3 Ngf6 15. Be3 Nh5 16. a5 h6 17. Bd3 Nf4 18. Bxf4 exf4 19. Ne2 g5 20. Ned4 Ne5 21.
Nxe5 Bxe5 22. Nf3 Bg7 23. e5 dxe5 24. Nxe5 Qd6 25. Nc4 Qc5 26. Bh7+ Kh8 27. Nb6 Qxc2 28. Bxc2 Rb8 29. Re7 Bf6 30. Rc7 Be5 31. Rc4 Rd8 32. Re1 f6 33. b4 Bd7 34. d6 Bb5 35. Rc7 Rxd6 36. Rh7+ Kg8 37. Rxh6 Rbd8 38. Rh7 Rd2 39. Bf5 Bc6 40. Re7 Bd4 41. R7e2 Rxe2 42. Rxe2 Be5 43.
Nc4 Rd1+ 44. Kh2 f3+ 45. Rxe5 fxe5 46. Nxe5 fxg2 47. Nxc6 g1=Q# 0-1

[Event "Early-Titled-Tuesday-Blitz-June-18-2024"]
[Site "Chess.com"]
[Date "2024.06.18"]
[Round "6"]
[White "TheBigBoss04"]
[Black "GMBenjaminBok"]
[Result "1-0"]
[WhiteElo "2821"]
[BlackElo "2985"]
[TimeControl "180+1"]
[EndTime "9:09:42 PDT"]
[Termination "TheBigBoss04 won on time"]

1. c4 c5 2. Nc3 g6 3. g3 Bg7 4. Bg2 Nc6 5. e3 Nf6 6. Nge2 O-O 7. d3 d6 8. b3 Rb8 9. Bb2 a6 10. Qd2 Bd7 11. h3 b5 12. Rc1 Qc8 13. f4 Re8 14. g4 Qc7 15. O-O Qa5 16. Rcd1 Red8 17.
Ng3 e6 18. g5 Ne8 19. h4 Nb4 20. a3 Nxd3 21. Qxd3 bxc4 22. Qxc4 d5 23. Nxd5 Bxb2 24. Ne7+ Kf8 25. Rxd7 Rxd7 26. Nc6 Qb6 27. Nxb8 Qxb8 28. Qxc5+ Kg8 29. b4 Bxa3 30. Rb1 Rc7 31. Qa5 Rc1+ 32.
Rxc1 Bxc1 33. Nf1 Bd2 34. Qxa6 Bxb4 35. Qc4 Nd6 36. Qc6 Nf5 37. h5 gxh5 38. Bh3 Nxe3 39.
Nxe3 Qxf4 40. Ng2 Qxg5 41. Qc8+ Kg7 42. Qc4 Bc5+ 43. Kh1 Qe5 44. Qh4 Qa1+ 45. Kh2 Bd6+ 46. Nf4 Qe5 47. Qg3+ Kf8 48. Nxh5 1-0

[Event "Early-Titled-Tuesday-Blitz-June-18-2024"]
[Site "Chess.com"]
[Date "2024.06.18"]
[Round "6"]
[White "twofoxniel"]
[Black "Keeper0416"]
[Result "1/2-1/2"]
[WhiteElo "2683"]
[BlackElo "2558"]
[TimeControl "180+1"]
[EndTime "9:09:42 PDT"]
[Termination "Game drawn by repetition"]

1. e4 e5 2. Nf3 Nc6 3. Bc4 Nf6 4. d3 Bc5 5. Nc3 h6 6. Be3 Bb4 7. O-O O-O 8. Nd5 Be7 9. Nxe7+ Qxe7 10. c3 Rd8 11. Re1 d5 12. exd5 Nxd5 13. Bb5 Bg4 14. h3 Bh5 15. Bd2 Qf6 16. g4 Bg6 17. Bxc6 bxc6 18. Nxe5 c5 19. Nxg6 Qxg6 20. Qf3 Nf6 21. Re3 h5 22. Qf5 Qxf5 23. gxf5 Rd5 24. Rae1 Rad8 25. d4 cxd4 26. cxd4 Rxf5 27. Bc3 Nd5 28. Re8+ Rxe8 29. Rxe8+ Kh7 30. Ra8 Rf3 31. Be1 Nf4 32. Rxa7 Rd3 33. Bc3 Nxh3+ 34. Kh2 Nf4 35. Rxc7 g5 36.
Rxf7+ Kg6 37. Rc7 Kf5 38. a4 Ke4 39. a5 Rh3+ 40. Kg1 Kf3 41. Rf7 Rh4 42. a6 Ke2 43.
Rxf4 Rxf4 44. a7 Rg4+ 45. Kh2 Rh4+ 46. Kg3 Rg4+ 47. Kh3 Rh4+ 48. Kg2 Rg4+ 49. Kh3 Rh4+ 50. Kg3 Rg4+ 51. Kh2 Rh4+ 52. Kg1 Rg4+ 53. Kh1 Rh4+ 54.
Kg2 Rg4+ 55. Kh3 1/2-1/2

[Event "Early-Titled-Tuesday-Blitz-June-18-2024"]
[Site "Chess.com"]
[Date "2024.06.18"]
[Round "6"]
[White "Yeritsyaan"]
[Black "Slovineanu"]
[Result "0-1"]
[WhiteElo "2664"]
[BlackElo "2559"]
[TimeControl "180+1"]
[EndTime "9:09:42 PDT"]
[Termination "Slovineanu won by resignation"]

1. e4 c6 2. d4 d5 3. Nc3 dxe4 4.
Nxe4 Nf6 5. Nxf6+ exf6 6. Be3 Bd6 7. c3 Na6 8. Bd3 Nc7 9. Ne2 Be6 10. Qd2 a5 11.
O-O O-O 12. f4 f5 13. b3 b5 14. c4 Re8 15. Qc2 g6 16. Bf2 Bd7 17. d5 cxd5 18.
c5 Bf8 19. Nd4 Bg7 20. Rac1 b4 21. c6 Bc8 22. Rfe1 Ba6 23. Rxe8+ Qxe8 24. Bxa6 Rxa6 25. Nf3 Bc3 26. Ne5 f6 27. Nd3 Rxc6 28. Kh1 Ne6 29. Qe2 Qc8 30. Qf3 Qd7 31. Rd1 Kf7 32. h4 h5 33. Nc1 d4 34. Ne2 Rd6 35. Nc1 Nc5 36. Nd3 Nxd3 37. Rxd3 Qc6 38. Qd1 Qe4 39. Bg3 Re6 40.
Kh2 Qe2 41. Rxd4 Bxd4 42. Qxd4 Qxa2 43. Qd7+ Re7 44. Qd5+ Kg7 45. Qd6 Rf7 46. Qd3 a4 47. bxa4 b3 48. Qc4 Qa3 49. Qb5 b2 50. Bf2 Qa2 51.
Bd4 b1=Q 52. Bxf6+ Rxf6 53. Qd7+ Rf7 54. Qd4+ Kh7 0-1

[Event "Early-Titled-Tuesday-Blitz-June-18-2024"]
[Site "Chess.com"]
[Date "2024.06.18"]
[Round "6"]
[White "romulocardoso"]
[Black "Dr_Pepper18"]
[Result "1/2-1/2"]
[WhiteElo "2331"]
[BlackElo "2458"]
[TimeControl "180+1"]
[EndTime "9:09:42 PDT"]
[Termination "Game drawn - insufficient material"]

1. e4 c6 2. d4 d5 3. Nc3 dxe4 4. Nxe4 Bf5 5. Ng3 Bg6 6. h4 h6 7. Nh3 e5 8. dxe5 Qa5+ 9. c3 Qxe5+ 10. Qe2 Qxe2+ 11.
Bxe2 Nd7 12. Bf4 O-O-O 13. O-O-O Ngf6 14. h5 Bh7 15. Bc4 Be7 16. Bxf7 Nc5 17. Bg6 Bxg6 18.
hxg6 Ng4 19. Kc2 Rhf8 20. Rhe1 Bh4 21. Bd6 Rxd6 22. Rxd6 Nxf2 23. Re3 Bxg3 24. Rxg3 Nfe4 25. Rgd3 Nxd6 26. Rxd6 Kc7 27. Rd4 Rf6 28. b4 Ne6 29. Rg4 b5 30. Kd3 Kb6 31. Ke4 a5 32. Ke5 axb4 33.
cxb4 c5 34. bxc5+ Kxc5 35. a3 Kb6 36. Kd5 Ka5 37. Nf2 Nc7+ 38. Kc5 Rxf2 39. Kc6 Rc2+ 40.
Kd7 Rc3 41. Ke7 Rxa3 42. Kf7 Rd3 43. Kxg7 Rd7+ 44. Kxh6 b4 45. g7 Rd6+ 46. Kh7 Ne8 47. g8=Q Nf6+ 48. Kh8 Nxg8 49. Rxg8 b3 50. Ra8+ Ra6 51.
Rb8 Rb6 52. Ra8+ Kb4 53. Ra1 b2 54. Rb1 Kc3 55. g4 Kc2 56. Rxb2+ Kxb2 57. Kh7 Kc3 58. g5 Kd4 59. g6 Kd5 60. g7 Rb7 61. Kh8 Rxg7 62. Kxg7 1/2-1/2

[Event "Early-Titled-Tuesday-Blitz-June-18-2024"]
[Site "Chess.com"]
[Date "2024.06.18"]
[Round "6"]
[White "GM_dmitrij"]
[Black "Onischuk_V"]
[Result "1-0"]
[WhiteElo "3033"]
[BlackElo "2823"]
[TimeControl "180+1"]
[EndTime "9:09:44 PDT"]
[Termination "GM_dmitrij won by checkmate"]

1. e4 d6 2. d4 Nf6 3. Nc3 g6 4. Be3 c6 5. h3 Bg7 6. f4 O-O 7. Nf3 Qa5 8. Bd3 Nbd7 9. O-O e5 10. Qe1 exd4 11. Nxd4 Nc5 12. Qh4 Nxd3 13. cxd3 Qh5 14. Qf2 Bd7 15. f5 c5 16. Nde2 g5 17. Qg3 h6 18. Qxd6 Rfe8 19. Qh2 c4 20. g4 Nxg4 21. hxg4 Qxg4+ 22. Qg3 Qxg3+ 23. Nxg3 cxd3 24. Rad1 Bc6 25. Rxd3 Rad8 26. Rxd8 Rxd8 27. Rd1 Rxd1+ 28. Nxd1 Be5 29. Kf2 Bxg3+ 30. Kxg3 Bxe4 31. Kg4 b6 32. Bd4 Bd3 33. Ne3 Be2+ 34. Kg3 Kh7 35. Bf6 Bd3 36. b4 b5 37.
a3 a6 38. Kf3 Kg8 39. Kg4 Be2+ 40. Kg3 Bd3 41. Bd4 Kh7 42. Kg4 Be2+ 43. Kg3 Bd3 44.
Kf3 Bb1 45. Bf6 Bd3 46. Be7 Bb1 47. Bf8 Bd3 48. Kg3 h5 49. Kf3 h4 50. Be7 Kh6 51. Ng4+ Kh5 52. Nf6+ Kh6 53. Bf8# 1-0

[Event "Early-Titled-Tuesday-Blitz-June-18-2024"]
[Site "Chess.com"]
[Date "2024.06.18"]
[Round "6"]
[White "tetrix83"]
[Black "ulises2013"]
[Result "0-1"]
[WhiteElo "2679"]
[BlackElo "2867"]
[TimeControl "180+1"]
[EndTime "9:09:44 PDT"]
[Termination "ulises2013 won on time"]

1. e4 g6 2. d4 Bg7 3. Nf3 c5 4. c3 cxd4 5. cxd4 d5 6. e5 Nc6 7. Bb5 Bg4 8. Nbd2 Rc8 9. O-O e6 10. h3 Bxf3 11. Nxf3 Ne7 12. g4 O-O 13. Bf4 Qb6 14.
Bxc6 Nxc6 15. Qd2 f6 16. Rad1 fxe5 17. Nxe5 Nxe5 18. dxe5 Rc4 19. Be3 Qc7 20. f4 Rc2 21. Qd4 g5 22. Rc1 gxf4 23. Bxf4 b6 24. b3 Rf7 25. Rxc2 Qxc2 26. Rf2 Qb1+ 27. Kg2 Bf8 28. Be3 Bc5 29. Qa4 Rxf2+ 30. Bxf2 Bf8 31. Qd7 Qe4+ 32. Kf1 Qxe5 33. Qxa7 b5 34. Qd4 Qc7 35. a4 bxa4 36. bxa4 Qc1+ 37. Kg2 Qc6 38. h4 Bg7 39. Qc5 Qxa4 40. Qc8+ Kf7 41. Qb7+ Kg8 42. Qc8+ Kf7 43. Qb7+ Kf6 44. g5+ Kg6 45. Qb1+ Qe4+ 46. Qxe4+ dxe4 47. Kg3 Kf5 48. Be3 Be5+ 49. Kg2 Kg4 0-1

[Event "Early-Titled-Tuesday-Blitz-June-18-2024"]
[Site "Chess.com"]
[Date "2024.06.18"]
[Round "6"]
[White "Ginger_GM"]
[Black "jaramsdal"]
[Result "0-1"]
[WhiteElo "2625"]
[BlackElo "2459"]
[TimeControl "180+1"]
[EndTime "9:09:44 PDT"]
[Termination "jaramsdal won by resignation"]

1. f4 c5 2. Nf3 Nc6 3. e3 g6 4.
Bb5 Bg7 5. Bxc6 dxc6 6. O-O Nf6 7. d3 c4 8. dxc4 Qxd1 9. Rxd1 Be6 10. Nc3 Bxc4 11. e4 Rd8 12. Rxd8+ Kxd8 13. e5 Nd5 14. Nxd5 Bxd5 15. Kf2 f6 16. exf6 Bxf6 17. c3 Kc7 18.
Be3 Rd8 19. a4 a5 20. g4 Bb3 21. Nd2 Bd5 22. Nf3 Bb3 23. Nd4 Bd5 24. Kg3 e5 25. fxe5 Bxe5+ 26. Bf4 Bxf4+ 27. Kxf4 Rf8+ 28. Kg3 c5 29.
Nb5+ Kb6 30. Rd1 Rf3+ 31. Kh4 Bc6 32. Kg5 Bxb5 33. axb5 Rh3 34. c4 a4 35. Rd6+ Ka5 36. Rd7 b6 37. Ra7+ Kb4 38. Ra6 Rxh2 39. Rxb6 Kxc4 40.
Rb7 h5 41. b6 hxg4 42. Kxg4 Rxb2 43. Kg5 a3 44. Kxg6 a2 45. Ra7 Rxb6+ 46. Kf5 Rb2 47.
Ke4 Rh2 48. Ke3 Kc3 49. Ra6 c4 50. Ra5 Kb2 51. Rb5+ Kc1 52. Ra5 Kb1 53. Rb5+ Rb2 0-1

[Event "Early-Titled-Tuesday-Blitz-June-18-2024"]
[Site "Chess.com"]
[Date "2024.06.18"]
[Round "6"]
[White "Supelyel"]
[Black "shirovin"]
[Result "1-0"]
[WhiteElo "2440"]
[BlackElo "2108"]
[TimeControl "180+1"]
[EndTime "9:09:44 PDT"]
[Termination "Supelyel won on time"]

1. c4 f5 2. g3 Nf6 3. Bg2 g6 4. Nc3 Bg7 5. Qb3 O-O 6. Bxb7 Bxb7 7. Qxb7 Nc6 8. Qb3 Rb8 9. Qc2 Nd4 10. Qd1 e5 11. e3 Nc6 12. d3 d5 13. Nf3 dxc4 14. dxc4 Qxd1+ 15. Kxd1 Rfd8+ 16. Ke2 e4 17. Ng5 Ne5 18.
Ne6 Rd7 19. Nxg7 Kxg7 20. b3 Nd3 21. h3 Rbd8 22. Ba3 Ne5 23. Rhd1 Nf3 24. Rxd7+ Rxd7 25. Rd1 Kf7 26. h4 Rxd1 27. Kxd1 Ng4 28. Ke2 Ng1+ 29. Kf1 Nh3 30. Nd1 g5 31. Kg2 gxh4 32. Kxh3 hxg3 33. fxg3 Ke6 34. Bc5 a6 35. Kg2 Ne5 36. Bd4 Nd3 37. Nf2 Nc1 38. Bc3 Nxa2 39. Bd2 c5 40.
Kh3 Nb4 41. Bxb4 cxb4 42. Kg2 a5 43. Kf1 a4 44. bxa4 b3 45. Nd1 Kd6 46. Ke2 Kc5 47.
a5 Kxc4 48. a6 Kb4 49. a7 Ka3 50. a8=Q+ Kb4 51. Qa1 Kc4 52. Qb2 Kb4 53. Nc3 Kc4 54. Na2 h6 55. Qa1 bxa2 56. Qxa2+ Kc5 57. Qd2 h5 58. Qd4+ Kc6 59. Qf6+ Kd5 60. Qxf5+ 1-0

[Event "Early-Titled-Tuesday-Blitz-June-18-2024"]
[Site "Chess.com"]
[Date "2024.06.18"]
[Round "6"]
[White "SaraBlackPanther"]
[Black "Orest_Vovk"]
[Result "1-0"]
[WhiteElo "2715"]
[BlackElo "2561"]
[TimeControl "180+1"]
[EndTime "9:09:45 PDT"]
[Termination "SaraBlackPanther won on time"]

1. d4 h6 2. e4 g5 3. h4 g4 4. Qxg4 d5 5. Qe2 dxe4 6. Qxe4 Nf6 7. Qd3 Nc6 8. Nf3 Bg4 9. Ne5 Nxd4 10. Be3 c5 11. Bxd4 Qxd4 12. Qxd4 cxd4 13. Bb5+ Bd7 14.
Nxd7 Nxd7 15. Nd2 a6 16. Bxd7+ Kxd7 17. Nc4 Kc7 18. O-O-O Bg7 19. Rh3 Rad8 20. a4 b5 21.
axb5 axb5 22. Na5 Bf6 23. Rf3 Bxh4 24. Rxf7 Bf6 25. Nb3 Kd7 26. Re1 Bg5+ 27. f4 Bf6 28. Nc5+ Kc6 29. Ne4 Rdf8 30. Rxf8 Rxf8 31. Kd2 Rg8 32.
g3 h5 33. Rh1 h4 34. gxh4 Rg4 35. Nxf6 exf6 36. h5 Rg2+ 37. Kd3 Kd5 38. h6 Rg3+ 39. Ke2 Rg8 40. h7 Rh8 41. Kd3 f5 42. Rh5 Ke6 43.
Kxd4 Kf6 44. Kc5 Kg7 45. Kxb5 Rb8+ 46. Kc4 Kh8 47. b3 Rc8+ 48. Kd3 Rd8+ 49. Kc3 Rc8+ 50. Kb2 Rc5 51. c4 Ra5 52. Kc3 Ra1 53. Rxf5 Rc1+ 54.
Kb4 1-0

[Event "Early-Titled-Tuesday-Blitz-June-18-2024"]
[Site "Chess.com"]
[Date "2024.06.18"]
[Round "6"]
[White "A4RookA3"]
[Black "ningyzhou"]
[Result "0-1"]
[WhiteElo "2430"]
[BlackElo "2158"]
[TimeControl "180+1"]
[EndTime "9:09:46 PDT"]
[Termination "ningyzhou won by checkmate"]

1. d4 d5 2. Nc3 Nf6 3. Bf4 Bf5 4. e3 c6 5. Nf3 g6 6. Ne5 Bg7 7. h4 h5 8. Bd3 Bxd3 9. Qxd3 Nbd7 10. O-O-O Nxe5 11. Bxe5 Qd7 12. e4 O-O 13. Bxf6 exf6 14. exd5 cxd5 15. f3 f5 16. Rdg1 Bh6+ 17. Kb1 Rfe8 18. a3 Re3 19. Qb5 Qxb5 20. Nxb5 a6 21. Nc3 Rd8 22. Re1 Kf8 23. Rxe3 Bxe3 24. Rd1 Bf2 25.
Na4 Bxh4 26. Nc5 b6 27. Nxa6 Bg3 28. Rd3 Ra8 29. Nb4 Rd8 30. Rc3 g5 31. Rc6 g4 32.
Rxb6 h4 33. Nd3 Kg7 34. fxg4 fxg4 35. a4 h3 36. gxh3 gxh3 37. a5 h2 38. a6 h1=Q+ 39.
Ka2 Ra8 40. Nc5 Qf1 41. c3 Qc4+ 42. Kb1 Bc7 43. Rc6 Qf1+ 44. Ka2 Bd8 45. Rd6 Be7 46. Rc6 Bxc5 47. Rxc5 Rxa6+ 48. Kb3 Qd1+ 49. Kb4 Qa4# 0-1

[Event "Early-Titled-Tuesday-Blitz-June-18-2024"]
[Site "Chess.com"]
[Date "2024.06.18"]
[Round "6"]
[White "Msb2"]
[Black "kleinebeer98"]
[Result "0-1"]
[WhiteElo "3054"]
[BlackElo "2975"]
[TimeControl "180+1"]
[EndTime "9:09:47 PDT"]
[Termination "kleinebeer98 won by checkmate"]

1. d4 d5 2. c4 Nc6 3. Nc3 Nf6 4. Nf3 e6 5. Bg5 Bb4 6. e3 h6 7. Bh4 g5 8. Bg3 Ne4 9. Nd2 Nxc3 10. bxc3 Bxc3 11.
Rc1 Ba5 12. cxd5 Qxd5 13. Qa4 O-O 14. Rc5 Bxd2+ 15. Kxd2 Qe4 16. f3 Qb1 17. Qa3 Rd8 18. Rc1 Qb6 19. Bd3 a5 20. Qc3 e5 21. Rhd1 exd4 22. exd4 Be6 23. Ke1 Qb4 24. Bxc7 Rxd4 25. Kf2 Rc8 26. Qxb4 axb4 27. Bb6 Rd7 28. Bb1 Rxd1 29.
Rxd1 Ra8 30. Rd2 Ne5 31. Bd4 Nc4 32. Re2 Na3 33. Be4 Nb5 34. Bc5 Nc3 35. Rb2 Nd1+ 36. Kg3 Nxb2 37. Bxb7 Rxa2 38. Bxb4 Nd3 39. Bd6 Ne1 40. f4 Rb2 41. Be4 f5 42. Ba8 Rb3+ 43. Kf2 Nd3+ 44. Kf1 Nxf4 45. h3 Bd5 46. Bc6 Bxc6 47. Bf8 Kxf8 48. g4 fxg4 49. hxg4 Rg3 50. Kf2 Rxg4 51. Ke3 Kf7 52. Kd4 Kf6 53. Kc5 Kf5 54. Kd6 h5 55. Kc7 h4 56. Kd8 h3 57.
Ke7 h2 58. Kf8 h1=Q 59. Kg7 Qh5 60. Kg8 Kf6 61. Kf8 Qh8# 0-1

[Event "Early-Titled-Tuesday-Blitz-June-18-2024"]
[Site "Chess.com"]
[Date "2024.06.18"]
[Round "6"]
[White "tptagain"]
[Black "Karateloru"]
[Result "1-0"]
[WhiteElo "2943"]
[BlackElo "2780"]
[TimeControl "180+1"]
[EndTime "9:09:47 PDT"]
[Termination "tptagain won by resignation"]

1. d4 Nf6 2. Nf3 e6 3. Bg5 d5 4. Nbd2 Nbd7 5. e3 Be7 6. Bd3 b6 7. Ne5 Nxe5 8. dxe5 Nd7 9. Bxe7 Qxe7 10. f4 Bb7 11. Qg4 f5 12. exf6 gxf6 13. O-O-O O-O-O 14. g3 h5 15. Qh4 Rdg8 16. Be2 d4 17. e4 Nc5 18.
Bf3 d3 19. Rhe1 dxc2 20. Kxc2 Rd8 21. Re3 Rd4 22. e5 Bxf3 23. Nxf3 Rxd1 24. Kxd1 Qd7+ 25. Ke1 f5 26. Kf2 Ne4+ 27. Kg2 Qc6 28. Re2 Rd8 29. Qxh5 Rd3 30. h4 Kb7 31. Kh2 Qc1 32. Rg2 Qf1 33. Ng1 Nf2 34. Qe2 Ng4+ 35. Kh1 Qb1 36. h5 Rd8 37. Qf3+ Kb8 38. Re2 Rh8 39. Kg2 Rxh5 40. Nh3 Rh8 41. Rd2 Qc1 42. Qc3 Qe1 43. Rd8+ Rxd8 44.
Qxe1 Rd3 45. Nf2 Ne3+ 46. Kh3 1-0

[Event "Early-Titled-Tuesday-Blitz-June-18-2024"]
[Site "Chess.com"]
[Date "2024.06.18"]
[Round "6"]
[White "DonCiao"]
[Black "Senn71"]
[Result "0-1"]
[WhiteElo "2095"]
[BlackElo "2344"]
[TimeControl "180+1"]
[EndTime "9:09:48 PDT"]
[Termination "Senn71 won on time"]

1. c4 c6 2. g3 d5 3. Nf3 Nf6 4. Bg2 Bg4 5. Ne5 Bh5 6. cxd5 Nxd5 7. O-O Nd7 8. Nc4 e6 9. Nc3 Be7 10. f3 O-O 11. e4 N5b6 12. Ne3 c5 13. a4 Ne5 14. a5 Nbc4 15. Nxc4 Nxc4 16. Qe2 Ne5 17. g4 Bg6 18. f4 Qd4+ 19. Kh1 Nd3 20. f5 Bh4 21.
Nd1 Rad8 22. fxg6 fxg6 23. Ne3 Nf2+ 24. Kg1 Nxe4 25. Bxe4 Qxe4 26. Ra3 Bf6 27. Rb3 Bd4 28. d3 Qc6 29. Bd2 g5 30. Qg2 Rxf1+ 31. Kxf1 Rf8+ 32. Kg1 Rf4 33. Qxc6 bxc6 34. Kg2 h5 35. gxh5 g4 36. Nc4 Rf2+ 37. Kg3 Kh7 38. Kxg4 Rg2+ 39. Kf3 Rxh2 40. Bf4 Rxh5 41. Rb7 Rh3+ 42. Kg4 Rxd3 43. Be5 Bxe5 44.
Nxe5 Rd4+ 45. Kg5 Rb4 46. a6 Rb5 47. Nxc6 Rb6 48. Kf4 Rxa6 49. Nd8 Ra4+ 0-1

[Event "Early-Titled-Tuesday-Blitz-June-18-2024"]
[Site "Chess.com"]
[Date "2024.06.18"]
[Round "6"]
[White "Sondremelaa"]
[Black "MatthewG-p4p"]
[Result "0-1"]
[WhiteElo "2606"]
[BlackElo "2851"]
[TimeControl "180+1"]
[EndTime "9:09:49 PDT"]
[Termination "MatthewG-p4p won on time"]

1. e4 e6 2. d4 d5 3. e5 c5 4. c3 Qb6 5. Nf3 Nc6 6. a3 Nh6 7. b4 cxd4 8. cxd4 Nf5 9. Be3 f6 10.
exf6 gxf6 11. Bd3 Nxe3 12. fxe3 Bh6 13. Qe2 Bd7 14. O-O O-O-O 15. Nc3 Ne7 16. Rac1 Kb8 17.
Kh1 Qd6 18. Rc2 e5 19. dxe5 fxe5 20. e4 d4 21. Nd5 Ng6 22. b5 Rhf8 23. b6 Bc6 24.
bxa7+ Kxa7 25. Rb1 Nf4 26. Nxf4 Bxf4 27. Qe1 Qc7 28. Qb4 Rf6 29. Nd2 Bxd2 30. Rxd2 Rf4 31. Rc2 Rf6 32. Bb5 Rc8 33. Bxc6 Rxc6 34. Rxc6 Qxc6 35.
Qa5+ Qa6 36. Qxe5 Qb6 37. Rd1 Rd8 38. h3 d3 39. Qc3 Qb5 40. e5 Qd5 41. e6 Qxe6 42.
Rxd3 Rc8 43. Qa5+ Kb8 44. Qd2 Qc6 45. Kh2 Qc7+ 46. Kh1 Qb6 47. Kh2 Qc7+ 48. Kh1 Re8 49. Rf3 Rd8 50. Qe2 Qc1+ 0-1